 Dungeon Crawl Stone Soup version 0.27-a0-686-gaed091b46b (webtiles) character file.

Game seed: 9192697136943805803

0 Lanoc the Cudgeller (level 1, 0/16 HPs)
             Began as an Octopode Chaos Knight on Mar 20, 2021.
             Was a Plaything of Xom.
             Slain by a leopard gecko (2 damage)
             ... on level 1 of the Dungeon.
             The game lasted 00:00:09 (50 turns).

Lanoc the Cudgeller (Octopode Chaos Knight)           Turns: 50, Time: 00:00:10

Health: 0/16       AC:  1    Str: 11    XL:     1   Next: 0%
Magic:  1/1        EV: 13    Int: 14    God:    Xom [..*...]
Gold:   4          SH:  0    Dex: 11    Spells: 0/0 levels left

rFire    . . .     SeeInvis .   a - +0 mace (chaos)
rCold    . . .     Faith    .   (no shield)
rNeg     . . .     Spirit   .   (helmet restricted)
rPois    .         Reflect  .   (no amulet)
rElec    .         Harm     .   (no ring)
rCorr    .         Rampage  .   (no ring)
Will     .....                  (no ring)
Stlth    ++........             (no ring)
HPRegen  0.05/turn              (no ring)
MPRegen  0.07/turn              (no ring)
                                (no ring)
                                (no ring)

@: no status effects
A: almost no armour, amphibious, 8 rings, camouflage 1, gelatinous body 1,
nimble swimmer 1, tentacles
a: Renounce Religion


You were on level 1 of the Dungeon.
You worshipped Xom.
You were a toy of Xom.
You visited 1 branch of the dungeon, and saw 1 of its levels.

You collected 4 gold pieces.

Inventory:

Hand Weapons
 a - a +0 mace of chaos (weapon)


   Skills:
 + Level 3.0 Fighting
 * Level 3.0 Maces & Flails
 + Level 2.3 Dodging


You couldn't memorise any spells.
You didn't know any spells.
Your spell library was empty.

Dungeon Overview and Level Annotations

Branches:
Dungeon (1/15)

Altars:


Innate Abilities, Weirdness & Mutations

You cannot wear most types of armour.
You are amphibious.
You can wear up to eight rings at the same time.
Your skin changes colour to match your surroundings (Stealth+).
Your rubbery body absorbs attacks. (AC +1, EV +1)
You are stealthy while swimming. (Stealth+)
You have tentacles for arms and can constrict up to eight enemies at once.


Message History

Welcome, Lanoc the Octopode Chaos Knight.
It is said that the Orb of Zot exists deep within this dungeon.
Xom says: A new plaything!
Press ? for a list of commands and other information.
Found a staircase leading out of the dungeon.
There is an empty arch of ancient stone here.
You now have 4 gold pieces.
There is an empty arch of ancient stone here.
Found 7 curare-tipped darts.
A hobgoblin comes into view. It is wielding a +0 club.
A hobgoblin comes into view. It is wielding a +0 club.
The hobgoblin shouts!
You hear a shout! x2; You hear an angry hiss.
A leopard gecko comes into view.
The hobgoblin hits you with a +0 club.
Found a quarterstaff.
You completely miss the hobgoblin. Your grab misses the hobgoblin.
A rat comes into view.
A hobgoblin comes into view. It is wielding a +0 club.
The hobgoblin closely misses you. The hobgoblin hits you with a +0 club.
You are too injured to fight recklessly!
You see here a bubbling purple potion.
You closely miss the hobgoblin. Your grab misses the hobgoblin.
The hobgoblin hits you with a +0 club.
* * * LOW HITPOINT WARNING * * *
You hit the hobgoblin.
You kill the hobgoblin!
The leopard gecko bites you.
You die...

.. ##.......# ) . .......##
#.# #. #.......# ###########
....#.####.......###.....#....
#.#.....!.......##......§§§..
#..............##☼.♣♣.♣§§§§..
...##........g.###§♣..♣♣§♣§.§.
#.....l.#l###§.♣♣♣♣.♣♣§⌠§.
..........#@###§♣§.∩.∩.☼♣♣..
###.......#..##§♣♣∩...∩♣♣...
#^......##.#♣♣§§..8..∩.♣..
#..(....##.#.♣§§......∩.♣.
#.......##..♣...8.<.8..♣♣.
#.......###.♣.∩.......∩..#
#..♣♣∩..8..∩♣♣♣#
#§§°.♣∩...∩.§♣ ##.⌠♣§.∩.∩♣♣♣§#


You could see a leopard gecko and a hobgoblin.

Vanquished Creatures
  A hobgoblin (D:1)
1 creature vanquished.

Notes
Turn   | Place    | Note
-------+----------+-------------------------------------------
     0 | D:1      | Lanoc the Octopode Chaos Knight began the quest for the
                  | Orb.
     0 | D:1      | Reached XP level 1. HP: 16/16 MP: 1/1
    50 | D:1      | Slain by a leopard gecko

Illustrated notes

Levels and vault maps discovered:
D:1:      heliophobic_arrival_enchanted_forest, layout_rooms,
          minmay_small_reverse_x

Action                   || total
-------------------------++-------
Melee: Mace              ||     3
Dodge: Dodged            ||     1

Table legend: (Time is in decaauts)
 A = Elapsed time spent in this place.
 B = Non-inter-level travel time spent in this place.
 C = Inter-level travel time spent in this place.
 D = Time resting spent in this place.
 E = Time spent auto-exploring this place.
 F = Levels seen in this place.
 G = Mean time per level.
                   A        B        C        D        E       F      G
               +--------+--------+--------+--------+--------+-----+--------+
         Total |     50 |     50 |      0 |      0 |     35 |   1 |   50.0 |
       Dungeon |     50 |     50 |      0 |      0 |     35 |   1 |   50.0 |
               +--------+--------+--------+--------+--------+-----+--------+

Top non-repeatable levels by time:
     D:1: 50 daAuts
